Map: 오딧세이 - 래더

Players

trusT

  • Race: Protoss Protoss
  • League: Master
  • Spawn Location: 11:00

Classic - Winner!

  • Race: Protoss Protoss
  • League: Master
  • Spawn Location: 5:00

VOD

Have the link to the VOD?

Description

Time

  • Played on: Dec. 22, 2017, 3:17 a.m.
  • Length: 4:23
Show
View Real Time Build Order
Export as new Build Order

trusT Protoss 

Build Orders:  

Get SALT Encoding   

  12  0:00  Probe  
  13  0:13  Probe  
  14  0:20  Pylon  
  14  0:25  Probe  
  15  0:38  Gateway, Probe (Chrono Boost)  
  16  0:45  Assimilator  
  16  0:48  Probe (Chrono Boost)  
  17  0:52  Assimilator  
  17  0:53  Probe (Chrono Boost)  
  18  1:05  Probe (Chrono Boost)  
  19  1:12  Probe (Chrono Boost)  
  19  1:14  Gateway  
  20  1:19  Probe  
  21  1:26  Cybernetics Core  
  21  1:31  Probe  
  22  1:34  Pylon  
  22  1:43  Probe  
  23  1:55  Probe  
  23  2:00  Warp Gate (Chrono Boost)  
  24  2:02  Stalker x2  
  24  2:07  Pylon  
  28  2:14  Probe  
  29  2:26  Probe  
  30  2:32  Adept x2  
  34  2:53  Nexus  
  34  3:04  Stalker  
  36  3:09  Stalker  
  36  3:20  Shield Battery  
  36  3:22  Pylon  
  36  3:33  Twilight Council  
  36  3:40  Shield Battery  
  34  3:55  Probe  
  33  3:57  Stalker x2  
Show
View Real Time Build Order
Export as new Build Order

Classic Protoss - Winner!

Build Orders:  

Get SALT Encoding   

  12  0:00  Probe  
  13  0:12  Probe  
  14  0:17  Pylon  
  14  0:25  Probe (Chrono Boost)  
  15  0:37  Probe (Chrono Boost)  
  15  0:38  Gateway  
  16  0:44  Probe (Chrono Boost)  
  16  0:46  Assimilator  
  17  0:51  Probe (Chrono Boost)  
  17  0:55  Assimilator  
  18  1:03  Probe (Chrono Boost)  
  20  1:12  Probe (Chrono Boost)  
  20  1:15  Gateway  
  20  1:17  Probe  
  20  1:25  Cybernetics Core  
  21  1:29  Probe  
  22  1:35  Pylon  
  22  1:41  Probe  
  23  1:53  Probe  
  24  1:56  Warp Gate (Chrono Boost)  
  24  2:02  Stalker x2  
  28  2:13  Pylon  
  28  2:31  Stalker  
  28  2:32  Stalker  
  32  2:51  Nexus  
  32  3:01  Stalker  
  34  3:06  Stalker  
  36  3:19  Pylon  
  36  3:21  Probe  
  36  3:25  Shield Battery  
  37  3:33  Probe  
  38  3:37  Shield Battery  
  37  3:48  Stalker x2  
  41  3:58  Probe  
  42  4:10  Probe x2  
  42  4:15  Robotics Facility, Stalker  
  45  4:17  Stalker  
Tags
 
Add a new tag
Caveats
  • Supply blocks, unpowered buildings, or Contaminate may cause inaccurate times.
  • Supply counts are checked every 10 seconds.